 Dungeon Crawl Stone Soup version 0.27-a0-216-g1fbed8a51c (webtiles) character file.

Game seed: 5235586852166485287

1540 vurker the Sneak (level 8, 0/59 HPs)
             Began as a Gnoll Enchanter on Jan 31, 2021.
             Was an Initiate of Cheibriados.
             Slain by a sky beast (5 damage)
             ... on level 6 of the Dungeon.
             The game lasted 00:12:16 (8519 turns).

vurker the Sneak (Gnoll Enchanter)                  Turns: 8519, Time: 00:12:17

Health: 0/59       AC:  6    Str:  8    XL:     8   Next: 86%
Magic:  17/17      EV: 14    Int: 19    God:    Cheibriados [......]
Gold:   444        SH:  0    Dex: 13    Spells: 18/19 levels left

rFire    . . .     SeeInvis .   b - +1 whip (holy)
rCold    . . .     Faith    .   (no shield)
rNeg     . . .     Spirit   .   m - +3 leather armour {rPois}
rPois    +         Reflect  .   (no helmet)
rElec    .         Harm     .   (no cloak)
rCorr    +         Rampage  .   (no gloves)
Will     .....                  (no boots)
Stlth    +++.......             (no amulet)
HPRegen  0.19/turn              r - ring of resist corrosion
MPRegen  0.15/turn              (no ring)

@: very slow
A: distributed training, fangs 1, strong nose
a: Renounce Religion, Bend Time


You were on level 6 of the Dungeon.
You worshipped Cheibriados.
Cheibriados was noncommittal.
You visited 2 branches of the dungeon, and saw 7 of its levels.

You collected 444 gold pieces.

Inventory:

Hand Weapons
 a - a +0 whip of venom
   (You found it on level 2 of the Dungeon)
 b - a +1 whip of holy wrath (weapon)
   (You took it off an orc on level 3 of the Dungeon)
Armour
 m - a +3 leather armour of poison resistance (worn)
   (You took it off Ijyb on level 3 of the Dungeon)
 p - quicksilver dragon scales
   (You found it on level 4 of the Dungeon)
Jewellery
 r - a ring of resist corrosion (left hand)
   (You found it on level 4 of the Dungeon)
Wands
 q - a wand of polymorph (3)
   (You took it off Blork the orc on level 4 of the Dungeon)
Scrolls
 c - 10 scrolls of identify {unknown}
 f - 3 scrolls of fear {unknown}
 g - 4 scrolls of teleportation {unknown}
 i - 2 scrolls of amnesia {unknown}
 k - a scroll of immolation {unknown}
 n - 3 scrolls of remove curse {unknown}
 o - 3 scrolls of enchant weapon {unknown}
 s - a scroll of acquirement {unknown}
 u - a scroll of random uselessness {unknown}
Potions
 d - a potion of lignification {unknown}
 e - a potion of resistance
 h - a potion of cancellation {unknown}
 j - a potion of attraction {unknown}
 l - 2 potions of brilliance
 t - a potion of heal wounds {unknown}


   Skills:
 + Level 3.6 Fighting
 + Level 4.5 Short Blades
 + Level 3.6 Long Blades
 + Level 3.6 Axes
 + Level 3.6 Maces & Flails
 + Level 3.6 Polearms
 + Level 3.6 Staves
 + Level 3.6 Slings
 + Level 3.6 Bows
 + Level 3.6 Crossbows
 + Level 3.6 Throwing
 + Level 3.6 Armour
 + Level 5.9 Dodging
 + Level 7.1 Stealth
 + Level 3.6 Shields
 + Level 3.6 Unarmed Combat
 + Level 6.2 Spellcasting
 + Level 3.0 Conjurations
 + Level 6.3 Hexes
 + Level 3.0 Summonings
 + Level 3.0 Necromancy
 + Level 3.0 Translocations
 + Level 3.0 Transmutations
 + Level 3.0 Fire Magic
 + Level 3.0 Ice Magic
 + Level 3.0 Air Magic
 + Level 3.0 Earth Magic
 + Level 3.0 Poison Magic
 + Level 4.0 Invocations
 + Level 3.6 Evocations


You had 18 spell levels left.
You knew the following spells:

 Your Spells              Type           Power        Failure   Level
a - Corona                Hex            32%          1%          1

Your spell library contained the following spells:

 Spells                   Type           Power        Failure   Level
 Ensorcelled Hibernation  Hex/Ice        46%          3%          2
 Confusing Touch          Hex            29%          3%          3
 Tukima's Dance           Hex            29%          3%          3
 Dazzling Flash           Conj/Hex       46%          7%          3


Dungeon Overview and Level Annotations

Branches:
Dungeon (6/15)             Temple (1/1) D:6

Altars:
Ashenzari
Cheibriados
Dithmenos
Elyvilon
Fedhas
Hepliaklqana
Kikubaaqudgha
Makhleb
Ru
Sif Muna
Uskayaw
Wu Jian
Xom
Yredelemnul
The Shining One

Annotations:
D:6 1 transporter, lagdotcom's ghost, novice GnWn


Innate Abilities, Weirdness & Mutations

Your experience applies equally to all skills.
You have very sharp teeth.
Your uncanny sense of smell can sniff out nearby items.


Message History

Something hits you.
* * * LOW HITPOINT WARNING * * *
Something shocks you.
* * * LOW HITPOINT WARNING * * *
You hit something. Something hits you but does no damage.
You closely miss something. Something barely misses you.
You closely miss something. Something hits you but does no damage.
You hit something. Something hits you.
* * * LOW HITPOINT WARNING * * *
Something shocks you.
* * * LOW HITPOINT WARNING * * *
You miss something.
A sky beast appears from thin air!
Reactivating autopickup.
The sky beast barely misses you.
You hit the sky beast.
The sky beast hits you but does no damage.
You closely miss the sky beast. The sky beast closely misses you.
You hit the sky beast but do no damage. You hit the sky beast.
The sky beast barely misses you.
You hit the sky beast but do no damage.
The sky beast hits you but does no damage.
You barely miss the sky beast.
The sky beast hits you but does no damage.
You hit the sky beast but do no damage. The sky beast hits you.
* * * LOW HITPOINT WARNING * * *
The sky beast shocks you.
* * * LOW HITPOINT WARNING * * *
You closely miss the sky beast. The sky beast misses you.
You miss the sky beast.
The sky beast flickers out of sight!
Deactivating autopickup; reactivate with Ctrl-A.
Something hits you but does no damage.
You miss something. Something hits you but does no damage.
You miss something. Something hits you but does no damage.
You closely miss something.
A sky beast appears from thin air!
Reactivating autopickup.
The sky beast hits you.
* * * LOW HITPOINT WARNING * * *
The sky beast shocks you.
* * * LOW HITPOINT WARNING * * *
Unknown command.
You barely miss the sky beast. The sky beast closely misses you.
You barely miss the sky beast. The sky beast hits you.
* * * LOW HITPOINT WARNING * * *
The sky beast shocks you.
You die...

............#.#####.#
.....###.##.#.......#
###..# #.##>#######.#
#..# #.##.# #.# #..#
#.#...# #.# #..#
#......#####.# #..#
#............# #...
........?.#### .#.
#.......#@# ..... #Y#
#... #.# #.# #.# #
#.# #.# ... #.# #.#


You could see a sky beast.

Vanquished Creatures
  Sigmund (D:3)
  A yak (D:6)
  An ice beast (D:5)
  A sky beast (D:5)
  A necrophage (D:6)
  A phantom (D:6)
  An ogre (D:6)
  A centaur (D:5)
  Blork the orc (D:4)
  A big kobold (D:6)
  3 orc priests
  A centaur skeleton (D:5)
  A bullfrog skeleton (D:6)
  An iguana (D:4)
  Ijyb (D:3)
  Terence (D:3)
  2 worker ants (D:4)
  3 orc wizards
  A worker ant zombie (D:5)
  A howler monkey skeleton (D:4)
  3 gnolls (D:6)
  6 adders
  2 white imps
  An ufetubus (D:5)
  An ooze (D:1)
  5 dart slugs
  4 leopard geckos
  23 orcs
  8 bats
  4 giant cockroaches
  10 goblins
  6 hobgoblins
  10 jackals
  2 kobolds
  3 quokkas
  3 frilled lizards (D:1)
  2 leopard gecko skeletons
  A quokka zombie (D:5)
  5 rats
124 creatures vanquished.

Vanquished Creatures (others)
  2 plants (D:6)
2 creatures vanquished.

Grand Total: 126 creatures vanquished

Notes
Turn   | Place    | Note
-------+----------+-------------------------------------------
     0 | D:1      | vurker the Gnoll Enchanter began the quest for the Orb.
     0 | D:1      | Reached XP level 1. HP: 13/13 MP: 6/6
   201 | D:1      | Reached XP level 2. HP: 19/19 MP: 7/7
   847 | D:1      | Reached XP level 3. HP: 25/25 MP: 9/9
   859 | D:1      | Reached skill level 5 in Spellcasting
  1068 | D:1      | Reached skill level 6 in Stealth
  1073 | D:1      | Reached skill level 1 in Invocations
  1406 | D:2      | Reached skill level 1 in Fighting
  1406 | D:2      | Reached skill level 1 in Long Blades
  1406 | D:2      | Reached skill level 1 in Axes
  1406 | D:2      | Reached skill level 1 in Maces & Flails
  1406 | D:2      | Reached skill level 1 in Polearms
  1406 | D:2      | Reached skill level 1 in Staves
  1406 | D:2      | Reached skill level 1 in Slings
  1406 | D:2      | Reached skill level 1 in Bows
  1406 | D:2      | Reached skill level 1 in Crossbows
  1406 | D:2      | Reached skill level 1 in Throwing
  1406 | D:2      | Reached skill level 1 in Armour
  1406 | D:2      | Reached skill level 1 in Shields
  1406 | D:2      | Reached skill level 1 in Unarmed Combat
  1406 | D:2      | Reached skill level 1 in Evocations
  1804 | D:2      | Found a blossoming altar of Fedhas.
  1986 | D:3      | Reached XP level 4. HP: 31/32 MP: 11/11
  2070 | D:3      | Noticed Ijyb
  2075 | D:3      | Paralysed by Ijyb for 4 turns
  2085 | D:3      | Paralysed by Ijyb for 5 turns
  2093 | D:3      | Killed Ijyb
  2094 | D:3      | Reached skill level 1 in Conjurations
  2094 | D:3      | Reached skill level 1 in Summonings
  2094 | D:3      | Reached skill level 1 in Necromancy
  2094 | D:3      | Reached skill level 1 in Translocations
  2094 | D:3      | Reached skill level 1 in Transmutations
  2094 | D:3      | Reached skill level 1 in Fire Magic
  2094 | D:3      | Reached skill level 1 in Ice Magic
  2094 | D:3      | Reached skill level 1 in Air Magic
  2094 | D:3      | Reached skill level 1 in Earth Magic
  2094 | D:3      | Reached skill level 1 in Poison Magic
  2270 | D:3      | Reached XP level 5. HP: 18/37 MP: 12/12
  2640 | D:3      | Noticed Sigmund
  2655 | D:3      | Killed Sigmund
  2655 | D:3      | Noticed Terence
  2656 | D:3      | Reached skill level 5 in Dodging
  2656 | D:3      | Reached XP level 6. HP: 40/44 MP: 14/14
  2667 | D:3      | Killed Terence
  2906 | D:3      | Found a white marble altar of Elyvilon.
  3387 | D:3      | You fall into a shaft and drop 2 floors!
  3387 | D:5      | Entered Level 5 of the Dungeon
  3394 | D:5      | Noticed a sky beast
  3438 | D:5      | Killed a sky beast
  3439 | D:5      | Reached XP level 7. HP: 11/50 MP: 15/15
  3752 | D:3      | Found an ornate altar of the Wu Jian Council.
  3752 | D:3      | Found an ancient bone altar of Kikubaaqudgha.
  4189 | D:4      | Noticed Blork the orc
  4216 | D:4      | Killed Blork the orc
  4456 | D:4      | Found a shimmering altar of Xom.
  4677 | D:4      | Found a broken altar of Ashenzari.
  4679 | D:4      | Found a burning altar of Makhleb.
  5553 | D:5      | Reached XP level 8. HP: 38/57 MP: 16/16
  5806 | D:4      | Found a shimmering blue altar of Sif Muna.
  6709 | D:6      | Found a staircase to the Ecumenical Temple.
  6742 | Temple   | Entered the Ecumenical Temple
  6834 | Temple   | Became a worshipper of Cheibriados the Contemplative
  7090 | D:6      | Noticed lagdotcom's ghost (novice GnWn)
  7092 | D:6      | Found a transporter.
  8049 | D:6      | Reached skill level 7 in Stealth
  8267 | D:6      | Noticed a yak
  8267 | D:6      | an orc warrior changed into a yak
  8278 | D:6      | Killed a yak
  8519 | D:6      | Slain by a sky beast

Illustrated notes

Levels and vault maps discovered:
D:1:      dpeg_arrival_chambers_temple_mockup, layout_loops_corners
D:2:      layout_basic, fedhas_altar_fruit_tree
D:3:      layout_loops_cross, marbit_many_paths,
          gammafunk_temple_overflow_pools, guppyfry_early_orc_mine,
          uniq_sigmund, uniq_ijyb, uniq_terence
D:4:      layout_cave_pools, nicolae_overflow_hidden_temple,
          nicolae_underground_beach, uniq_blork_the_orc
D:5:      layout_loops_ring
D:6:      layout_loops_ring, minmay_temple_entry_overgrown, serial_shops,
          nicolae_shop_trees, gammafunk_ghost_smash
Temple:   eino_wide_crystal_templ

Skill      XL: |  1  2  3  4  5  6  7  8 |
---------------+-------------------------+-----
Spellcasting   | 5 6 |  6.2
Stealth        | 6 7 |  7.1
Invocations    | 1 2 3 4 |  4.0
Fighting       | 1 2 3 |  3.6
Long Blades    | 1 2 3 |  3.6
Axes           | 1 2 3 |  3.6
Maces & Flails | 1 2 3 |  3.6
Polearms       | 1 2 3 |  3.6
Staves         | 1 2 3 |  3.6
Slings         | 1 2 3 |  3.6
Bows           | 1 2 3 |  3.6
Crossbows      | 1 2 3 |  3.6
Throwing       | 1 2 3 |  3.6
Armour         | 1 2 3 |  3.6
Shields        | 1 2 3 |  3.6
Unarmed Combat | 1 2 3 |  3.6
Evocations     | 1 2 3 |  3.6
Conjurations   | 1 2 3 |  3.0
Summonings     | 1 2 3 |  3.0
Necromancy     | 1 2 3 |  3.0
Translocations | 1 2 3 |  3.0
Transmutations | 1 2 3 |  3.0
Fire Magic     | 1 2 3 |  3.0
Ice Magic      | 1 2 3 |  3.0
Air Magic      | 1 2 3 |  3.0
Earth Magic    | 1 2 3 |  3.0
Poison Magic   | 1 2 3 |  3.0
Short Blades   | 3 4 |  4.5
Dodging        | 5 |  5.9
Hexes          | 6 |  6.3

Action                   |  1- 3 |  4- 6 |  7- 9 || total
-------------------------+-------+-------+-------++-------
Melee: Dagger            |    98 |       |       ||    98
       Bite              |     6 |    18 |    32 ||    56
       Whip              |    17 |   184 |   476 ||   677
       Punch             |     1 |     1 |     5 ||     7
Evoke: Wand              |       |     1 |     2 ||     3
  Use: Potion            |       |     2 |     2 ||     4
 Stab: Sleeping          |    14 |     1 |    12 ||    27
       Distracted        |     1 |     2 |     1 ||     4
       Paralysed         |       |     7 |       ||     7
Armor: Robe              |    21 |       |       ||    21
       Ring mail         |       |    33 |       ||    33
       Leather armour    |       |    34 |   119 ||   153
Dodge: Dodged            |    63 |   121 |   269 ||   453

Table legend: (Time is in decaauts)
 A = Elapsed time spent in this place.
 B = Non-inter-level travel time spent in this place.
 C = Inter-level travel time spent in this place.
 D = Time resting spent in this place.
 E = Time spent auto-exploring this place.
 F = Levels seen in this place.
 G = Mean time per level.
                   A        B        C        D        E       F      G
               +--------+--------+--------+--------+--------+-----+--------+
         Total |   8562 |   8399 |    163 |    532 |   6128 |   7 | 1223.1 |
       Dungeon |   8457 |   8306 |    151 |    532 |   6039 |   6 | 1409.5 |
        Temple |    105 |     94 |     11 |      0 |     89 |   1 |  105.0 |
               +--------+--------+--------+--------+--------+-----+--------+

Top non-repeatable levels by time:
     D:5: 2034 daAuts
     D:3: 1737 daAuts
     D:6: 1718 daAuts
     D:1: 1176 daAuts
     D:4: 1064 daAuts
     D:2: 726 daAuts
  Temple: 105 daAuts
